 Dungeon Crawl Stone Soup version 0.17-a0-2108-g65e8068 (webtiles) character file.

4255 Kromin the Cleaver (level 10, -18/90 HPs)
             Began as a Minotaur Gladiator on Oct 19, 2015.
             Was a Follower of Okawaru.
             Killed from afar by Erica (20 damage)
             ... with an orb of energy
             ... on level 8 of the Dungeon.
             The game lasted 00:15:19 (8334 turns).

Kromin the Cleaver (Minotaur Gladiator)             Turns: 8334, Time: 00:15:19

Health: -18/90     AC: 14    Str: 27    XL:     10   Next: 10%
Magic:  9/9        EV: 10    Int:  5    God:    Okawaru [*.....]
Gold:   391        SH:  0    Dex: 10    Spells: 0 memorised, 9 levels left

rFire  . . .     SeeInvis .     a - +0 war axe
rCold  . . .     Clarity  .     z - +0 plate armour
rNeg   + . .     SustAt   .     (no shield)
rPois  .         Gourm    .     c - +0 hat
rElec  .         Spirit   .     (no cloak)
rCorr  .         Warding  .     (no gloves)
rMut   .         Stasis   .     (no boots)
MR     .....                    (no amulet)
Stlth  ..........               w - ring of positive energy
                                C - +3 ring of strength

@: lethally poisoned (-18 -> -20), slowed, very slow, not resistant to hostile
enchantments, extremely unstealthy
A: retaliatory headbutt, horns 2
a: Heroism, Renounce Religion


You were on level 8 of the Dungeon.
You worshipped Okawaru.
Okawaru was aware of your devotion.
You were hungry.

You visited 2 branches of the dungeon, and saw 9 of its levels.

You collected 391 gold pieces.

Inventory:

Hand Weapons
 a - a +0 war axe (weapon)
Missiles
 d - 3 throwing nets (quivered)
Armour
 c - a +0 hat (worn)
 z - a +0 plate armour (worn)
Jewellery
 h - an uncursed ring of protection from cold
 w - a ring of positive energy (right hand)
 C - a +3 ring of strength (left hand)
Wands
 F - a wand of polymorph (8)
 H - a wand of lightning (9)
 K - a wand of enslavement (19)
Scrolls
 k - 12 scrolls of identify {unknown}
 n - a scroll of fear {unknown}
 p - 4 scrolls of teleportation {unknown}
 q - 3 scrolls of fog {unknown}
 r - a scroll of magic mapping {unknown}
 t - 2 scrolls of enchant armour {unknown}
 v - a scroll of amnesia {unknown}
 x - 2 scrolls of recharging {unknown}
 y - 2 scrolls of blinking {unknown}
 A - 2 scrolls of noise {unknown}
 B - 4 scrolls of remove curse {unknown}
 D - a scroll of enchant weapon {unknown}
 Q - a scroll of brand weapon {unknown}
Potions
 b - a potion of degeneration {unknown}
 g - a potion of magic {unknown}
 m - a potion of cure mutation {unknown}
 o - 2 potions of flight {unknown}
 s - a potion of invisibility {unknown}
 u - a potion of poison {unknown}
 E - a potion of brilliance {unknown}
 G - a potion of might {unknown}
 J - a potion of ambrosia {unknown}
 L - 2 potions of haste {unknown}
 M - a potion of lignification {unknown}
 N - a potion of cancellation {unknown}
 O - a potion of curing
 P - a potion of resistance {unknown}
Comestibles
 e - 7 bread rations
 f - 10 fruits
 i - 4 beef jerkies
 l - 6 meat rations
 I - 9 slices of pizza


   Skills:
 + Level 8.4 Fighting
 + Level 10.7 Axes
 + Level 2.2 Throwing
 + Level 9.5 Armour
 + Level 7.0 Dodging
 + Level 0.5 Stealth


You had 9 spell levels left.
You didn't know any spells.

Dungeon Overview and Level Annotations

Branches:
Dungeon (8/15)             Temple (1/1) D:4
   Lair: D:8-11

Altars:
Ashenzari
Cheibriados
Dithmenos
Elyvilon
Gozag
Kikubaaqudgha
Makhleb
Okawaru
Qazlal
Sif Muna
Trog
Vehumet
Xom
Yredelemnul
Zin
The Shining One

Shops:
D:4 (   D:7 *

Annotations:
D:8 Erica


Innate Abilities, Weirdness & Mutations

You reflexively headbutt those who attack you in melee.
You have a pair of horns on your head.


Message History

Nothing appears to happen.
Evoking this partially-identified wand wasted a few charges.
You feel sick. Something hits you but does no damage. Something hits you!
* * * LOW HITPOINT WARNING * * *
Something burns you.
* * * LOW HITPOINT WARNING * * *
You feel sick.
You feel sick. Something hits you.
* * * LOW HITPOINT WARNING * * *
Something burns you.
* * * LOW HITPOINT WARNING * * *
* * * LOW HITPOINT WARNING * * *
You feel sick.
Erica appears from thin air!
Reactivating autopickup.
You barely miss Erica. You headbutt Erica.
Erica is severely wounded.
Erica hits you but does no damage. Erica gestures at you while chanting.
The orb of energy hits you!
You die...

## #.. #...#########
+...'...@@..#
#...#######.# . ###
#.# #..... #.##
#..... ##..# #..(..
#####...########.....
.....................
#####.#..######....[.
#.#...### #......


You could see Erica.

Vanquished Creatures
  Pikel (D:6)
  Joseph (D:7)
  The ghost of comborobin the Skirmisher, an amateur HOSu of Trog (D:5)
  A human (D:7)
  A yak (D:7)
  A hungry ghost (D:7)
  Menkaure (D:7)
  An orc warrior (D:6)
  A sky beast (D:5)
  2 black bears
  4 giant frogs
  A necrophage (D:8)
  2 phantoms
  4 ogres
  6 killer bees (D:7)
  2 scorpions
  3 crimson imps
  4 hounds
  A giant frog zombie (D:5)
  5 orc wizards
  3 gnoll shamans
  2 giant frog skeletons
  An iguana (D:7)
  2 orc priests
  2 worker ants
  3 sheep (D:7)
  A killer bee zombie (D:6)
  A hound zombie (D:6)
  3 hound skeletons
  13 gnolls
  5 adders
  4 shadow imps
  An ooze (D:5)
  3 worms
  19 orcs
  4 ball pythons
  9 bats
  4 giant cockroaches
  10 goblins
  9 hobgoblins
  7 quokkas
  2 giant geckos
  7 giant newts
  4 jackals (D:1)
  10 kobolds
  A quokka skeleton (D:6)
  A quokka zombie (D:5)
  2 rats (D:1)
176 creatures vanquished.

Vanquished Creatures (others)
  A slave (D:6)
  A hound (D:6)
  A giant frog skeleton (D:6)
  A shadow imp (D:6)
  4 orcs (D:6)
8 creatures vanquished.

Grand Total: 184 creatures vanquished

Notes
Turn   | Place    | Note
--------------------------------------------------------------
     0 | D:1      | Kromin the Minotaur Gladiator began the quest for the Orb.
     0 | D:1      | Reached XP level 1. HP: 18/18 MP: 0/0
   170 | D:1      | Reached skill level 4 in Axes
   205 | D:1      | Reached XP level 2. HP: 25/25 MP: 1/1
   539 | D:1      | Reached XP level 3. HP: 28/30 MP: 2/2
   968 | D:2      | Noticed an earth elemental
   970 | D:2      | Found a stormy altar of Qazlal.
   971 | D:2      | Noticed a water elemental
   971 | D:2      | Noticed an air elemental
   971 | D:2      | Noticed a fire elemental
  1656 | D:3      | Reached skill level 1 in Armour
  1656 | D:3      | Reached XP level 4. HP: 37/37 MP: 3/3
  1735 | D:3      | HP: 1/37 [orc wizard/dagger (2)]
  1736 | D:3      | Reached skill level 5 in Axes
  2052 | D:3      | Reached XP level 5. HP: 44/44 MP: 4/4
  2525 | D:4      | Reached XP level 6. HP: 39/51 MP: 5/5
  2570 | D:4      | Found a staircase to the Ecumenical Temple.
  2579 | D:4      | Noticed an ogre
  2584 | D:4      | Killed an ogre
  2584 | D:4      | Reached skill level 5 in Dodging
  3083 | D:4      | Found a shattered altar of Ashenzari.
  3208 | D:4      | Found Judasch's Antique Weapon Emporium.
  3383 | D:4      | Noticed a black bear
  3388 | D:4      | Killed a black bear
  3388 | D:4      | Reached skill level 6 in Axes
  3388 | D:4      | Reached XP level 7. HP: 45/59 MP: 6/6
  3456 | D:5      | Entered Level 5 of the Dungeon
  3747 | D:5      | Found a deep blue altar of Sif Muna.
  3780 | D:5      | Noticed comborobin's ghost (amateur HOSu)
  3799 | D:5      | Killed comborobin's ghost
  3799 | D:5      | Reached skill level 5 in Fighting
  3799 | D:5      | Reached skill level 7 in Axes
  3845 | D:5      | Reached skill level 5 in Armour
  3845 | D:5      | Reached XP level 8. HP: 43/68 MP: 7/7
  4470 | D:6      | Found a shimmering altar of Xom.
  4652 | D:6      | Noticed Pikel
  4663 | D:6      | Killed Pikel
  4663 | D:6      | Reached skill level 8 in Axes
  4888 | D:6      | Reached XP level 9. HP: 76/78 MP: 8/8
  5157 | D:6      | Reached skill level 9 in Axes
  6191 | Temple   | Entered the Ecumenical Temple
  6395 | Temple   | Became a worshipper of Warmaster Okawaru
  6719 | D:7      | Noticed Menkaure
  6722 | D:7      | Killed Menkaure
  6755 | D:7      | Found Odipn's General Store.
  6771 | D:7      | Noticed Joseph
  6781 | D:7      | Killed Joseph
  7058 | D:7      | Reached skill level 10 in Axes
  7494 | D:7      | Reached * piety under Okawaru
  7520 | D:7      | Reached XP level 10. HP: 31/88 MP: 9/9
  7547 | D:7      | HP: 4/89 [poisoned by a killer bee]
  7553 | D:7      | HP: 4/89 [poisoned by a killer bee]
  7561 | D:7      | HP: 4/89 [poisoned by a killer bee]
  8258 | D:8      | Found an ancient bone altar of Kikubaaqudgha.
  8259 | D:8      | Found a shadowy altar of Dithmenos.
  8314 | D:8      | Noticed Erica
  8330 | D:8      | HP: 4/90 [poisoned by Erica (bolt of poison)]
  8331 | D:8      | HP: 1/90 [something (1)]
  8334 | D:8      | Killed from afar by Erica

Vault maps used:
D:1:      minmay_arrival_cross
D:2:      first_bread, nicolae_qazlal_style_of_elements
D:4:      black_bear_nest_2, minmay_temple_entry_glassed_door, serial_shops,
          nicolae_shop_overgrown_old_shop, cheibrodos_ashenzari_chains
D:5:      corexii_shack_village, kennysheep_little_box
D:6:      xom_confusion_cloud, uniq_pikel
D:7:      serial_shops, shop, grunt_livestock, kennysheep_generic_room_4,
          uniq_joseph, uniq_menkaure
D:8:      nicolae_overflow_hidden_temple, lemuel_flame_loot_1, uniq_erica
Temple:   eino_temple_water_12

Action                   |  1- 3 |  4- 6 |  7- 9 | 10-12 || total
-------------------------+-------+-------+-------+-------++-------
Melee: War axe           |    77 |    90 |   267 |    58 ||   492
Evoke: Wand              |       |       |       |     2 ||     2
  Use: Potion            |       |       |     3 |     1 ||     4
  Eat: Chunk             |     2 |     1 |    10 |     1 ||    14
       Bread ration      |       |     1 |       |       ||     1
       Royal jelly       |       |       |     2 |       ||     2
       Fruit             |       |       |       |     2 ||     2
